Map: Coda LE (Void)

Players

TheAffluent - Winner!

  • Race: Protoss Protoss

Bop

  • Race: Protoss Protoss

VOD

Have the link to the VOD?

Description

Time

  • Played on: May 1, 2015, 6:20 p.m.
  • Length: 13:01
Show
View Real Time Build Order
Export as new Build Order

TheAffluent Protoss - Winner!

Build Orders: 1 Gate Expand, Oracle Opening, Oracle Opening, Void Rays 

Get SALT Encoding   

  12  0:02  Probe  
  13  0:14  Pylon  
  13  0:17  Probe  
  14  0:32  Probe (Chrono Boost)  
  15  0:42  Probe (Chrono Boost)  
  16  0:44  Gateway  
  16  0:45  Assimilator  
  16  0:49  Probe  
  17  1:01  Probe (Chrono Boost)  
  19  1:12  Probe (Chrono Boost)  
  19  1:13  Pylon  
  19  1:18  Probe  
  20  1:30  Probe (Chrono Boost)  
  20  1:32  Cybernetics Core  
  21  1:43  Probe (Chrono Boost)  
  22  1:50  Probe (Chrono Boost)  
  23  1:57  Nexus  
  23  2:01  Probe  
  24  2:10  Assimilator  
  24  2:14  Probe (Chrono Boost)  
  25  2:17  Stalker  
  25  2:18  Warp Gate  
  28  2:23  Probe (Chrono Boost)  
  29  2:41  Stargate  
  29  2:42  Gateway  
  28  2:45  Pylon  
  28  2:47  Probe  
  29  2:59  Probe  
  29  3:03  Stalker  
  29  3:04  Pylon  
  32  3:11  Probe (Chrono Boost)  
  32  3:12  Probe (Chrono Boost)  
  34  3:23  Probe (Chrono Boost)  
  34  3:24  Probe (Chrono Boost)  
  34  3:27  Oracle  
  36  3:31  Probe x2 (Chrono Boost)  
  41  3:39  Assimilator  
  41  3:40  Probe (Chrono Boost)  
  42  3:42  Probe (Chrono Boost)  
  42  3:44  Assimilator  
  42  3:47  Gateway  
  43  3:52  Probe (Chrono Boost)  
  43  3:54  Probe (Chrono Boost)  
  34  3:55  Stalker  
  45  4:00  Stalker  
  49  4:06  Probe x2  
  48  4:18  Probe (Chrono Boost)  
  49  4:28  Probe (Chrono Boost)  
  49  4:30  Probe (Chrono Boost)  
  51  4:37  Probe (Chrono Boost)  
  51  4:38  Probe (Chrono Boost)  
  53  4:45  Stalker  
  55  4:48  Phoenix (Chrono Boost)  
  55  4:49  Pylon  
  55  4:50  Pylon  
  55  4:52  Probe (Chrono Boost)  
  58  4:54  Probe (Chrono Boost)  
  59  5:07  Pylon, Phoenix  
  61  5:08  Pylon  
  61  5:25  Stalker  
  61  5:26  Stalker  
  65  5:32  Phoenix (Chrono Boost)  
  67  5:44  Stargate  
  67  5:49  Probe (Chrono Boost)  
  69  5:50  Probe (Chrono Boost), Pylon  
  69  5:51  Phoenix (Chrono Boost)  
  69  5:52  Pylon  
  71  6:00  Probe x2 (Chrono Boost)  
  73  6:14  Phoenix (Chrono Boost)  
  75  6:19  Pylon  
  75  6:23  Probe  
  76  6:32  Phoenix (Chrono Boost)  
  78  6:34  Probe  
  78  6:35  Probe  
  78  6:37  Gateway  
  78  6:39  Gateway  
  80  6:40  Gateway  
  80  6:41  Pylon  
  80  6:42  Pylon  
  80  6:45  Twilight Council, Pylon  
  80  6:46  Pylon  
  82  6:47  Phoenix (Chrono Boost)  
  82  6:48  Probe x2  
  82  6:52  Phoenix (Chrono Boost)  
  84  6:56  Zealot x2  
  84  6:57  Zealot  
  84  7:00  Probe  
  91  7:16  Probe x2  
  91  7:21  Zealot x3  
  99  7:35  Pylon  
  79  7:59  Stalker  
  79  8:00  Stalker x2  
  79  8:02  Phoenix x2  
  87  8:06  Charge (Chrono Boost)  
  87  8:22  Stalker x4  
  87  8:23  Stalker x2  
  99  8:39  Nexus  
  99  8:41  Pylon  
  85  8:56  Stalker  
  85  8:57  Stalker x5  
  91  9:23  Stalker  
  89  9:24  Stalker x4  
  89  9:30  Probe x2, Void Ray x2  
  107  9:43  Probe x2  
  107  9:45  Robotics Facility  
  109  9:46  Forge  
  109  9:48  Forge  
  108  9:54  Zealot x2  
  108  9:55  Zealot x3  
  98  10:13  Probe  
  98  10:14  Probe  
  87  10:26  Probe x3  
  86  10:38  Probe x2  
  86  10:39  Zealot  
  86  10:40  Stalker, Assimilator  
  91  10:44  Assimilator  
  91  10:46  Protoss Ground Weapons Level 1 (Chrono Boost)  
  89  11:04  Probe x3  
  91  11:09  Void Ray  
  91  11:10  Void Ray  
  100  11:12  Protoss Ground Armor Level 1 (Chrono Boost)  
  100  11:16  Probe  
  101  11:20  Zealot  
  100  11:27  Adept x2  
  104  11:35  Probe x2  
  104  11:42  Zealot x3  
  104  11:53  Probe x3 (Chrono Boost)  
  106  12:11  Phoenix x2  
  106  12:15  Probe x2  
  108  12:16  Zealot  
  108  12:17  Zealot x4  
  111  12:44  Stalker x4  
  111  12:45  Stalker x2  
Show
View Real Time Build Order
Export as new Build Order

Bop Protoss 

Build Orders: Oracle Opening, Oracle Opening, Zealot Archon 

Get SALT Encoding   

  12  0:00  Probe  
  13  0:13  Pylon  
  13  0:18  Probe  
  14  0:32  Gateway  
  14  0:35  Probe (Chrono Boost)  
  15  0:45  Probe (Chrono Boost)  
  15  0:49  Assimilator  
  16  0:52  Probe  
  17  0:57  Assimilator  
  17  1:04  Probe (Chrono Boost), Pylon  
  18  1:16  Probe (Chrono Boost)  
  19  1:22  Cybernetics Core  
  19  1:24  Probe (Chrono Boost)  
  20  1:33  Probe  
  21  1:40  Pylon  
  21  1:45  Probe (Chrono Boost)  
  23  1:56  Probe (Chrono Boost)  
  23  2:00  Stalker  
  23  2:01  Warp Gate  
  25  2:03  Mothership Core  
  27  2:21  Pylon  
  27  2:34  Stargate  
  27  2:40  Stalker  
  29  2:54  Pylon  
  29  3:06  Nexus  
  29  3:18  Oracle (Chrono Boost)  
  32  3:37  Robotics Facility  
  32  3:41  Probe (Chrono Boost)  
  32  3:53  Probe (Chrono Boost)  
  33  4:00  Gateway, Probe (Chrono Boost)  
  34  4:10  Probe (Chrono Boost)  
  35  4:22  Probe (Chrono Boost)  
  36  4:24  Stalker  
  36  4:28  Assimilator  
  36  4:30  Probe (Chrono Boost)  
  39  4:32  Assimilator  
  39  4:34  Probe (Chrono Boost)  
  40  4:39  Probe (Chrono Boost)  
  42  4:45  Pylon  
  42  4:46  Probe (Chrono Boost)  
  42  4:51  Probe (Chrono Boost)  
  43  4:54  Probe (Chrono Boost)  
  44  5:00  Robotics Bay  
  44  5:03  Warp Prism (Chrono Boost)  
  46  5:13  Gateway  
  46  5:15  Gateway  
  46  5:17  Probe (Chrono Boost)  
  46  5:20  Probe (Chrono Boost)  
  49  5:29  Probe (Chrono Boost)  
  49  5:30  Observer  
  49  5:32  Probe (Chrono Boost)  
  49  5:36  Probe (Chrono Boost)  
  49  5:38  Probe (Chrono Boost)  
  51  5:46  Probe  
  56  5:59  Disruptor (Chrono Boost)  
  56  6:01  Probe x2  
  58  6:09  Twilight Council  
  55  6:13  Probe  
  56  6:18  Stalker  
  56  6:19  Stalker  
  56  6:23  Stalker  
  62  6:31  Pylon  
  62  6:32  Pylon  
  63  6:35  Disruptor (Chrono Boost)  
  63  6:45  Pylon  
  63  7:04  Zealot x2  
  63  7:05  Zealot x2  
  63  7:07  Disruptor x2  
  71  7:12  Gateway x2  
  71  7:14  Disruptor (Chrono Boost)  
  75  7:15  Gateway  
  75  7:19  Probe x2  
  77  7:29  Templar Archives  
  77  7:31  Probe  
  77  7:33  Zealot x3  
  61  7:53  Zealot x3  
  61  7:55  Probe x2  
  59  7:59  Zealot  
  59  8:06  Disruptor  
  59  8:07  Probe x2  
  59  8:09  High Templar x2  
  65  8:14  Archon  
  65  8:18  Warp Prism (Chrono Boost)  
  67  8:20  High Templar x2  
  67  8:21  Zealot x3  
  67  8:24  Archon  
  77  8:27  Charge (Chrono Boost)  
  77  8:30  Probe  
  68  8:42  Probe  
  68  8:44  Zealot x3  
  68  8:45  Zealot x2  
  71  8:54  Probe  
  71  8:55  Forge  
  72  9:07  Zealot x5  
  80  9:12  High Templar x2  
  80  9:16  Archon  
  64  9:26  High Templar x2  
  64  9:28  Protoss Ground Weapons Level 1  
  64  9:30  Photon Cannon x2  
  62  9:33  Photon Cannon  
  62  9:34  Photon Cannon  
  62  9:35  Archon  
  60  9:43  Zealot x2  
  60  9:44  Zealot  
  59  9:58  Zealot x3  
  59  9:59  Zealot  
  58  10:07  Zealot x2  
  48  10:19  High Templar x3  
  43  10:22  Archon  
  43  10:26  Zealot  
  41  10:31  Adept  
  43  10:56  High Templar  
  43  10:57  Probe (Chrono Boost)  
  43  10:58  Probe (Chrono Boost)  
  45  11:07  Probe x2 (Chrono Boost)  
  47  11:11  Zealot  
  47  11:12  Zealot  
  47  11:16  Archon  
  51  11:25  Adept  
  53  11:28  Adept  
  55  11:40  High Templar x2  
  55  11:58  Stalker x3  
  55  11:59  Zealot x2  
  55  12:00  Archon  
  52  12:29  Zealot x4  
  50  12:45  Zealot x3  
Tags
 
Add a new tag
Caveats
  • Supply blocks, unpowered buildings, or Contaminate may cause inaccurate times.
  • Supply counts are checked every 10 seconds.